 Dungeon Crawl Stone Soup version 0.22-a0-368-g870eee8 (webtiles) character file.

594463 mhoghedin the Acrobat (level 27, -2/211 HPs)
             Began as a Kobold Hunter on Apr 22, 2018.
             Was a High Priest of Cheibriados.
             Killed from afar by a storm dragon (46 damage)
             ... with a bolt of lightning
             ... on level 5 of the Realm of Zot on Apr 23, 2018.
             The game lasted 02:53:09 (53540 turns).

mhoghedin the Acrobat (Kobold Hunter)              Turns: 53540, Time: 02:53:10

Health: -2/211     AC: 13    Str: 34    XL:     27
Magic:  28/33      EV: 39    Int: 30    God:    Cheibriados [*****.]
Gold:   3492       SH:  0    Dex: 30    Spells: 7/26 levels left

rFire    + . .     SeeInvis +   b - +0 triple crossbow "Worm's Wrath" {elec, Str+5}
rCold    + . .     Gourm    .   (shield currently unavailable)
rNeg     + . .     Faith    .   e - +2 scale mail of Heewkueras {MR+ Regen+}
rPois    +         Spirit   .   S - +0 mask of the Dragon {MR+ Slay+3 SInv}
rElec    .         Reflect  .   q - scarf {rC+ rF+}
rCorr    .         Harm     .   h - +2 pair of gloves {Dex+3}
MR       ++++.                  E - +0 pair of boots "Nuer" {+Fly SInv} (curse)
Stlth    +++++.....             Q - amulet of regeneration {+regen, !d}
HPRegen  1.25/turn              Z - +4 ring of slaying
MPRegen  0.23/turn              Y - ring of positive energy {rN+}

@: about to teleport, very slow
A: small, hooves 1, carnivore, deformed body, poison resistance, robust 1,
MP-powered wands
}: 3/15 runes: decaying, serpentine, silver
a: Bend Time, Temporal Distortion, Slouch, Step From Time, Renounce Religion,
Evoke Flight


You were on level 5 of the Realm of Zot.
You worshipped Cheibriados.
Cheibriados was extremely pleased with you.
You were very full.

You visited 8 branches of the dungeon, and saw 45 of its levels.
You also visited: Trove.

You collected 5052 gold pieces.
You spent 1560 gold pieces at shops.

Inventory:

Hand Weapons
 a - the +1 arbalest of Humusm {penet, rElec rF+ rC+ SInv}
   (You took it off a vault warden on level 5 of the Vaults)

   Ammo fired by it will pass through the targets it hits, potentially hitting
   all targets in its path until it reaches maximum range.
   It protects you from fire.
   It protects you from cold.
   It insulates you from electricity.
   It lets you see invisible.
 b - the +0 triple crossbow "Worm's Wrath" (weapon) {elec, Str+5}
   (You acquired it on level 1 of the Realm of Zot)

   It charges the ammunition it shoots with electricity; occasionally upon a
   hit, such missiles may discharge and cause terrible harm.
   It affects your strength (+5).
 K - the +6 arbalest "Damnation" {damnation}
   (You acquired it on level 1 of the Vaults)
Missiles
 d - 970 bolts (quivered)
 y - 3 throwing nets {=f, !d}
Armour
 e - the +2 scale mail of Heewkueras (worn) {MR+ Regen+}
   (You took it off an orc on level 5 of the Vaults)

   It affects your resistance to hostile enchantments.
   It increases your rate of regeneration.
 h - a +2 pair of gloves of dexterity (worn)
   (You found it on level 3 of the Depths)
 q - a scarf of resistance (worn)
   (You bought it in a shop on level 14 of the Dungeon)
 E - the cursed +0 pair of boots "Nuer" (worn) {+Fly SInv}
   (You found it on level 3 of the Depths)

   It lets you see invisible.
   It lets you fly.
   It has a curse placed upon it.
 H - a +1 cloak
   (You took it off a draconian stormcaller on level 3 of the Realm of Zot)
 S - the +0 mask of the Dragon (worn) {MR+ Slay+3 SInv}
   (You found it on level 3 of the Depths)

   It affects your accuracy and damage with ranged weapons and melee attacks
   (+3).
   It affects your resistance to hostile enchantments.
   It lets you see invisible.
Jewellery
 Q - an amulet of regeneration (around neck) {+regen, !d}
   (You found it on level 3 of the Lair of Beasts)
 Y - a ring of positive energy (right hand) {rN+}
   (You found it on level 6 of the Lair of Beasts)
 Z - a +4 ring of slaying (left hand)
   (You found it on level 3 of the Depths)
Wands
 n - a wand of digging (10)
   (You found it on level 9 of the Dungeon)
 r - a wand of iceblast (46)
   (You found it on level 3 of the Dungeon)
 u - a wand of scattershot (16)
   (You found it on level 9 of the Dungeon)
 I - a wand of acid (17)
   (You found it on level 11 of the Dungeon)
 X - a wand of polymorph (14)
   (You found it on level 1 of the Realm of Zot)
Scrolls
 c - 8 scrolls of fear
 i - 9 scrolls of teleportation
 j - 16 scrolls of remove curse
 l - 9 scrolls of identify
 m - 4 scrolls of amnesia
 o - 8 scrolls of enchant weapon
 v - 7 scrolls of immolation {!r}
 x - 10 scrolls of magic mapping {!r}
 z - a scroll of enchant armour
 B - 5 scrolls of fog
 D - 4 scrolls of summoning
 N - 2 scrolls of silence
 O - a scroll of holy word {!r}
 R - 5 scrolls of blinking {!r}
Potions
 k - 4 potions of brilliance
 p - 6 potions of mutation {!q}
 s - 8 potions of flight
 A - 3 potions of agility
 F - 10 potions of curing
 L - 5 potions of heal wounds
 M - 4 potions of might
 T - a potion of cancellation
 W - a potion of ambrosia
Miscellaneous
 g - a fan of gales
   (You found it on level 5 of the Vaults)
 t - 2 boxes of beasts
 w - a lightning rod (4/4)
   (You found it on level 3 of the Realm of Zot)
 C - a lamp of fire
   (You bought it in a shop on level 10 of the Dungeon)
 G - a phial of floods
   (You found it on level 9 of the Dungeon)
 P - a crystal ball of energy
   (You found it on level 3 of the Lair of Beasts)
 U - 2 sacks of spiders
 V - 2 phantom mirrors
Comestibles
 f - 60 rations


   Skills:
 - Level 24.5 Fighting
   Level 10.0 Short Blades
 + Level 25.2 Crossbows
 - Level 12.0 Armour
 - Level 26.3 Dodging
 - Level 12.4 Stealth
 - Level 4.0 Hexes
 - Level 5.7 Translocations
 - Level 4.0 Fire Magic
 - Level 14.3 Invocations
 - Level 14.5 Evocations


You had 7 spell levels left.
You knew the following spells:

 Your Spells              Type           Power        Failure   Level  Hunger
a - Portal Projectile     Hex/Tloc       ####..       6%          3    ####...
b - Inner Flame           Hex/Fire       ###.....     10%         3    ####...
c - Blink                 Tloc           N/A          2%          2    ###....
d - Passage of Golubria   Tloc           N/A          16%         4    #####..
e - Silence               Hex/Air        ##........   89%         5    ######.
g - Apportation           Tloc           ####..       1%          1    ##.....
B - Summon Butterflies    Summ           #.......     16%         1    ##.....


Dungeon Overview and Level Annotations

Branches:
Dungeon (15/15)            Temple (0/1) D:6            Lair (6/6) D:10
  Swamp (4/4) Lair:4        Snake (4/4) Lair:3        Slime (0/5) Lair:5
    Orc (0/2) D:11         Vaults (5/5) D:13          Crypt (0/3) Vaults:3
 Depths (5/5) D:15           Hell (1/1)                 Zot (5/5) Depths:5
    Dis: Hell:1         Geh: Hell:1         Coc: Hell:1         Tar: Hell:1

Altars:
Cheibriados
Gozag
Kikubaaqudgha
Makhleb
Nemelex Xobeh
Okawaru
Qazlal
Sif Muna
Uskayaw
Vehumet
Yredelemnul
Zin
The Shining One

Shops:
D:10 :}:   D:14 *[*?   Vaults:1 !   Vaults:2 *   Vaults:5 ?   Depths:4 }=}*

Portals:
Hell: Depths:1 Depths:2 Depths:3 Depths:4 Depths:5
Abyss: Depths:4 Depths:5
Pandemonium: Depths:2 Depths:3
Ziggurat: Depths:1


Innate Abilities, Weirdness & Mutations

You are small and have problems with some larger weapons.
You are carnivorous and can eat meat at any time.
You have large cloven feet.
Armour fits poorly on your strangely shaped body.
Your system is resistant to poisons. (rPois)
You are robust. (+10% HP)
You expend magic power (3 MP) to strengthen your wands.


Message History

You hear a distant "Zot"!
You take 6 damage, and have 48/211 hp.
As you read the scroll of summoning, it crumbles to dust.
Wisps of shadow whirl around you...
The Orb Guardian hits your moth of wrath!!
The tentacled monstrosity misses you.
The tentacled monstrosity completely misses you.
The tentacled monstrosity tentacle-slaps you but does no damage.
* * * LOW HITPOINT WARNING * * *
The tentacled monstrosity constricts you!
The Orb Guardian completely misses your moth of wrath.
You take 6 damage, and have 42/211 hp.
Firing (i - inventory. (/) - cycle)
d - 971 bolts (quivered)
Aim: a tentacled monstrosity (almost dead, constricting you)
Okay, then.
Unknown command.
Unknown command.
Okay, then.
Unknown command.
Your death cob closely misses the tentacled monstrosity.
The tentacled monstrosity tentacle-slaps you!
* * * LOW HITPOINT WARNING * * *
The tentacled monstrosity closely misses you.
The tentacled monstrosity misses you.
* * * LOW HITPOINT WARNING * * *
The tentacled monstrosity constricts you.
The Orb Guardian hits your moth of wrath!!
Your death cob barely misses the tentacled monstrosity.
Your ghost moth stares at the tentacled monstrosity.
Your ghost moth completely misses the tentacled monstrosity.
Your ghost moth hits the tentacled monstrosity!
Your ghost moth stings the tentacled monstrosity but does no damage.
Your moth of wrath closely misses the Orb Guardian.
Your moth of wrath bites the tentacled monstrosity.
The tentacled monstrosity dies!
Cheibriados thoroughly appreciates the change of pace.
You take 15 damage, and have 27/211 hp.
The Orb Guardian closely misses your moth of wrath.
Your moth of wrath bites the Orb Guardian but does no damage.
The Orb Guardian hits your moth of wrath!!
Your moth of wrath dies!
Your moth of wrath's corpse dissolves into shadows!
Your ghost moth stares at the Orb Guardian.
You see here 2 bolts.
You regained 3 hp, and now have 30/211 hp.
You swap places.
Something hits your death cob!!!
You regained 2 hp, and now have 32/211 hp.
Your death cob completely misses the Orb Guardian.
Your moth of wrath bites the Orb Guardian!
Your ghost moth stares at the Orb Guardian.
The Orb Guardian hits your death cob.
Your death cob hits the Orb Guardian but does no damage.
The bolt of lightning misses your death cob.
A bolt of lightning appears from out of your range of vision.
The bolt of lightning hits your moth of wrath.
The Orb Guardian hits your death cob!!
Your ghost moth hits the Orb Guardian but does no damage.
Your ghost moth closely misses the Orb Guardian.
Your ghost moth barely misses the Orb Guardian.
You regained 2 hp, and now have 34/211 hp.
The Orb Guardian hits your moth of wrath!!
Your moth of wrath dies!
Your moth of wrath's corpse dissolves into shadows!
The Orb Guardian hits your death cob!
Your ghost moth stares at the Orb Guardian.
Your ghost moth hits the Orb Guardian but does no damage. x2
Your ghost moth closely misses the Orb Guardian.
Your death cob misses the Orb Guardian.
The Orb Guardian hits your death cob!!!
Your death cob is destroyed!
Your ghost moth stares at the Orb Guardian.
Your ghost moth misses the Orb Guardian.
Your ghost moth hits the Orb Guardian!
Your ghost moth stings the Orb Guardian but does no damage.
A storm dragon comes into view.
The storm dragon roars deafeningly!
You regained 3 hp, and now have 37/211 hp.
Your ghost moth stares at the Orb Guardian.
Your ghost moth barely misses the Orb Guardian. x2
Your ghost moth stings the Orb Guardian.
The Orb Guardian looks as sick as possible!
Your ghost moth poisons the Orb Guardian!
You regained 2 hp, and now have 39/211 hp.
Firing (i - inventory. (/) - cycle)
d - 971 bolts (quivered)
Aim: a storm dragon You shoot a bolt.
The bolt hits the storm dragon.
Your ghost moth barely misses the Orb Guardian.
Your ghost moth hits the Orb Guardian!
Your ghost moth stings the Orb Guardian but does no damage.
You hear a distant "Zot"!
A ghost moth comes into view.
As you read the scroll of teleportation, it crumbles to dust.
You feel strangely unstable.
You feel the Orb delaying your translocation!
The storm dragon closely misses you. The storm dragon misses you.
The storm dragon barely misses you.
Your ghost moth stares at the Orb Guardian.
The Orb Guardian hits something!!!
The storm dragon breathes lightning at you.
The bolt of lightning hits you!
You die...

#.(.....######.##..†.#*,,,,,*
#####.####...##.##.###,,,,,,,
#.....[##.....##.#..#,,,<,,,,
#####.###.'.......#,#.##,,,,,,,,
#..#...#..#.......+,#..#,,,,,,,,
##..##.....#.......#*#..##,,,,,,,
.###.......##.....####...#*,,,,,*
#.##....#...##...###..###.#*,,,**
#......##.#..###@##(.(.#,..#+***,
#.#....####.#.y..DyX.#.(X.....,*,
########**###▓▓▓▓########(####***
,,,,,,,,,,,,** *,,,,,,,,..,,,,,
,,,,,,,,,,,,,** **,,,,,,,,...,,*
,,,,,,,,,,,,,,** *,,,,,,,,,..,,*
,,,,,,,,,,,,,,,* **,,,,,,,,,.,**
,,,,,,,,,,,,,,,* *,,,,,,,,,,,*
,,,,,,,,,,,,,,,* **,,,,,,,,,,,**


You could see a storm dragon, an Orb Guardian, a ghost moth (invisible) and a
friendly ghost moth (invisible).

Vanquished Creatures
  An orb of fire (Zot:2)
  3 ancient liches (Zot:5)
  Mara (Depths:1)
  Saint Roka (Vaults:5)
  A Killer Klown (Zot:3)
  9 caustic shrikes
  A curse toe (Zot:2)
  Geryon (Hell)
  A golden dragon (shapeshifter) (Depths:3)
  The ghost of p0werm0de the Pandemonic, an adept DDFi of Makhleb (Zot:5)
  5 golden dragons
  The ghost of p0werm0de the Champion of Chaos, an adept DDFi of Makhleb (Zot:5)
  2 bone dragons (Depths:5)
  3 electric golems
  Rupert (Lair:4)
  2 Orb Guardians (Zot:5)
  18 tentacled monstrosities
  4 titans
  4 liches
  2 acid blobs (Depths:5)
  5 sphinxes
  7 quicksilver dragons
  8 death cobs
  A sphinx (shapeshifter) (Depths:3)
  15 storm dragons
  5 tengu reavers (Vaults:5)
  Agnes (D:14)
  4 thorn hunters
  Kirke (D:15)
  Roxanne (Swamp:2)
  14 shadow dragons
  2 daevas (Depths:1)
  13 nagarajas
  3 azure jellies (Depths:5)
  2 draconian monks (Zot:4)
  10 fire giants
  An iron dragon (Depths:5)
  15 vault wardens
  6 draconian knights
  5 frost giants
  4 deep elf sorcerers
  A juggernaut zombie (Depths:1)
  An angel (Depths:1)
  5 draconian stormcallers
  5 draconian scorchers
  2 ghost moths
  2 deep elf elementalists (Vaults:5)
  6 draconian annihilators
  2 draconian shifters
  4 spriggan defenders (Depths:4)
  14 ironheart preservers
  14 stone giants
  5 war gargoyles
  An entropy weaver (Vaults:1)
  15 very ugly things
  2 reapers (Hell)
  6 vampire knights
  11 black draconians
  10 purple draconians
  A dire elephant (shapeshifter) (Depths:3)
  3 green draconians
  3 deep elf annihilators
  A deep elf demonologist (Vaults:1)
  A spark wasp (Depths:2)
  A spark wasp (shapeshifter) (Depths:4)
  13 red draconians
  2 deep elf death magi
  12 yellow draconians
  2 merfolk javelineers
  18 white draconians
  12 crystal guardians (Depths:3)
  7 death oozes (Depths:5)
  10 fire dragons
  4 deep elf high priests (Vaults:5)
  14 ettins
  A fire dragon (shapeshifter) (Depths:3)
  4 great orbs of eyes
  2 merfolk impalers (Depths:5)
  13 ogre magi
  15 yaktaur captains
  A great orb of eyes (shapeshifter) (Depths:3)
  22 hydras
  Harold (D:10)
  10 ice dragons
  5 spriggan air magi
  5 rakshasas
  A ghost crab (Swamp:1)
  13 naga warriors
  6 anacondas
  13 centaur warriors
  39 vault guards
  15 dancing weapons (Depths:3)
  5 deep troll earth magi
  17 alligators
  5 deep troll shamans
  4 death yaks (Lair:4)
  2 vampire magi (Depths:4)
  3 tengu warriors
  34 two-headed ogres
  10 naga sharpshooters
  A spriggan (Depths:4)
  A shock serpent (shapeshifter) (Vaults:5)
  2 small abominations (Vaults:5)
  Urug (D:11)
  6 spriggan berserkers
  6 deep elf knights
  A large abomination (Vaults:5)
  4 shock serpents
  3 soul eaters
  3 iron trolls
  9 hell knights
  The ghost of whitenoisemaker the Transmogrifier, a novice DrTm of Lugonu (D:7)
  9 skeletal warriors
  3 shadow wraiths
  19 deep trolls
  5 salamander mystics
  2 unseen horrors
  A golden dragon zombie (Depths:1)
  11 glowing orange brains
  An unseen horror (shapeshifter) (Depths:2)
  9 swamp dragons
  8 naga ritualists
  A lindwurm (shapeshifter) (Depths:3)
  4 wizards
  2 phantasmal warriors (Vaults:5)
  A shambling mangrove (Swamp:4)
  3 obsidian statues (Depths:3)
  5 flayed ghosts
  9 deep elf archers
  3 swamp dragons (shapeshifter)
  19 ironbrand convokers
  10 orc knights
  12 harpies
  10 necromancers
  8 deep elf magi
  A tengu skeleton (Vaults:4)
  12 mana vipers
  36 ugly things
  3 wolf spiders
  2 wolf spiders (shapeshifter)
  2 orc sorcerers
  A faun (shapeshifter) (Depths:3)
  9 cyclopes
  27 moths of wrath
  2 manticores
  4 elephants (Lair:2)
  11 salamanders
  A centaur zombie (D:12)
  46 black mambas
  2 fire giant skeletons (Depths:1)
  2 stone giant skeletons
  6 guardian serpents
  11 vault sentinels
  19 naga magi
  3 molten gargoyles
  30 spiny frogs
  A torpor snail (shapeshifter) (Depths:5)
  An eye of devastation (shapeshifter) (Depths:3)
  6 gargoyles
  2 smoke demons
  A kobold demonologist (D:15)
  A yaktaur (shapeshifter) (D:15)
  48 yaktaurs
  2 komodo dragons
  2 komodo dragons (shapeshifter)
  5 freezing wraiths
  2 red devils (Depths:4)
  3 hellwings (Depths:4)
  2 spriggan skeletons (Depths:1)
  3 tengu conjurers
  6 trolls
  10 hornets
  13 tyrant leeches
  5 wind drakes (Depths:3)
  A wind drake (shapeshifter) (D:14)
  Prince Ribbit (D:5)
  30 blink frogs
  59 slime creatures
  10 bog bodies
  A hippogriff (shapeshifter) (Depths:3)
  6 air elementals (Depths:3)
  8 hippogriffs
  4 redbacks (Vaults:1)
  A centaur simulacrum (D:15)
  2 wyverns
  3 vampires
  A shadow (Swamp:2)
  37 yaks
  19 water elementals
  2 basilisks (shapeshifter)
  3 fire elementals
  A yak (shapeshifter) (Vaults:4)
  6 hogs
  2 basilisks
  2 humans
  19 vampire mosquitoes
  A yaktaur simulacrum (Depths:1)
  2 hungry ghosts
  A human simulacrum (Vaults:4)
  8 insubstantial wisps
  56 nagas
  13 swamp worms
  2 acid dragons (Vaults:2)
  5 hell hounds
  5 wargs
  20 water moccasins
  11 porcupines
  15 swamp drakes
  A swamp drake (shapeshifter) (Depths:3)
  23 orc warriors
  4 sky beasts
  An ice beast (D:13)
  2 black bears
  A phantom (D:5)
  8 necrophages
  21 ogres
  A tengu (shapeshifter) (Depths:1)
  15 wolves
  21 boggarts
  26 centaurs
  A crocodile (shapeshifter) (Vaults:5)
  11 crocodiles
  A big kobold (D:11)
  6 earth elementals (Depths:3)
  29 bullfrogs
  A water moccasin skeleton (D:8)
  4 scorpions
  18 killer bees
  An orc simulacrum (Vaults:1)
  A tengu zombie (Depths:1)
  4 wights (D:15)
  7 howler monkeys
  2 electric eels
  2 bullfrog zombies
  14 crimson imps
  3 jellies
  3 bullfrog skeletons
  10 orc priests
  5 centaur skeletons
  A hound (D:9)
  6 orc wizards
  6 iguanas
  7 worker ants
  Natasha (twice) (D:4)
  A hound zombie (D:8)
  A hound skeleton (D:6)
  2 worker ant zombies (D:7)
  17 adders
  7 gnolls (D:3)
  6 shadow imps
  A white imp (Depths:2)
  2 oozes
  A worm (D:2)
  2 adder skeletons
  An adder zombie (D:6)
  8 ball lightnings (Depths:3)
  6 dart slugs
  8 leopard geckos
  60 orcs
  5 bats
  8 giant cockroaches
  11 hobgoblins
  7 jackals
  14 kobolds
  3 quokkas
  5 ball pythons
  7 frilled lizards
  2 giant cockroach zombies (D:6)
  17 goblins
  2 quokka zombies (D:5)
  4 rats
  6 crawling corpses
2017 creatures vanquished.

Vanquished Creatures (collateral kills)
  A tentacled monstrosity (Zot:5)
  A hydra (Lair:6)
2 creatures vanquished.

Vanquished Creatures (others)
  A golden dragon (Zot:5)
  A purple draconian (Zot:4)
  A shadow wraith (Vaults:2)
  A deep troll (Vaults:5)
  An ugly thing (Swamp:1)
  3 salamanders (Snake:4)
  A black mamba (Snake:4)
  A vault sentinel (Vaults:5)
  2 centaur skeletons (D:15)
  A blink frog (Lair:4)
  A wyvern (D:15)
  4 humans (D:15)
  A swamp drake (Swamp:4)
  A wyvern skeleton (D:15)
  3 ball lightnings (Depths:3)
  2 orcs
  A crawling corpse (Vaults:5)
  8 fungi
  91 plants
125 creatures vanquished.

Grand Total: 2144 creatures vanquished

Notes
Turn   | Place    | Note
-------+----------+-------------------------------------------
     0 | D:1      | mhoghedin the Kobold Hunter began the quest for the Orb.
     0 | D:1      | Reached XP level 1. HP: 12/12 MP: 1/1
    50 | D:1      | Reached skill level 5 in Crossbows
    50 | D:1      | Reached XP level 2. HP: 18/18 MP: 2/2
   210 | D:1      | Reached skill level 3 in Dodging
   278 | D:1      | Reached XP level 3. HP: 21/22 MP: 3/3
   537 | D:1      | Reached skill level 3 in Fighting
   808 | D:1      | Gained mutation: You occasionally shout uncontrollably at your foes. [potion of mutation]
   808 | D:1      | Gained mutation: Your muscles are strong. (Str +2) [potion of mutation]
   870 | D:2      | Reached XP level 4. HP: 28/28 MP: 4/4
  1102 | D:2      | Reached XP level 5. HP: 32/32 MP: 5/5
  1261 | D:2      | Found a snail-covered altar of Cheibriados.
  1288 | D:2      | Became a worshipper of Cheibriados the Contemplative
  1334 | D:2      | Reached skill level 4 in Dodging
  1751 | D:3      | Reached skill level 6 in Crossbows
  1854 | D:3      | Reached skill level 4 in Fighting
  1854 | D:3      | Reached XP level 6. HP: 38/38 MP: 6/6
  1861 | D:3      | Reached * piety under Cheibriados
  2695 | D:4      | Noticed Natasha
  2699 | D:4      | Killed Natasha
  2735 | D:4      | Found a radiant altar of Vehumet.
  2741 | D:4      | Noticed an ogre
  2745 | D:4      | Killed an ogre
  2745 | D:4      | Reached skill level 5 in Dodging
  2745 | D:4      | Reached XP level 7. HP: 44/44 MP: 7/7
  2747 | D:4      | Found an ancient bone altar of Kikubaaqudgha.
  2755 | D:4      | Found a deep blue altar of Sif Muna.
  2763 | D:4      | Identified Kikubaaqudgha's Reference Book on Evil Rites
  3037 | D:4      | Found a glowing golden altar of the Shining One.
  3037 | D:4      | Found an iron altar of Okawaru.
  3037 | D:4      | Found a basalt altar of Yredelemnul.
  3064 | D:4      | Found a burning altar of Makhleb.
  3097 | D:4      | Noticed Natasha
  3101 | D:4      | Killed Natasha
  3101 | D:4      | Reached ** piety under Cheibriados
  3196 | D:5      | Entered Level 5 of the Dungeon
  3213 | D:5      | Reached skill level 5 in Fighting
  3213 | D:5      | Reached skill level 7 in Crossbows
  3405 | D:5      | Noticed Prince Ribbit
  3415 | D:5      | Killed Prince Ribbit
  3415 | D:5      | Reached skill level 6 in Dodging
  3415 | D:5      | Reached XP level 8. HP: 35/50 MP: 8/8
  3854 | D:5      | Identified a scroll of acquirement
  3860 | D:5      | Got an ancient arbalest
  3861 | D:5      | Identified the +2 arbalest of the Wheel {freeze, *Corrode rC+++ Str+3 Dex+3} (You acquired it on level 5 of the Dungeon)
  3951 | D:6      | Reached skill level 6 in Fighting
  3984 | D:6      | Found a hide-covered altar of Uskayaw.
  3984 | D:6      | Found a stormy altar of Qazlal.
  3995 | D:6      | Reached skill level 8 in Crossbows
  4126 | D:6      | Reached skill level 7 in Dodging
  4223 | D:6      | Got an ancient ring mail
  4224 | D:6      | Identified the +1 ring mail of Yrougust {rElec rCorr Dex-4 Stlth+} (You found it on level 6 of the Dungeon)
  4332 | D:6      | Reached *** piety under Cheibriados
  4468 | D:6      | Found a staircase to the Ecumenical Temple.
  4543 | D:6      | Found a sparkling altar of Nemelex Xobeh.
  4544 | D:6      | Reached XP level 9. HP: 56/56 MP: 9/9
  4548 | D:6      | Found an opulent altar of Gozag.
  4613 | D:7      | Noticed whitenoisemaker's ghost (novice DrTm)
  4630 | D:7      | Killed whitenoisemaker's ghost
  4630 | D:7      | Reached skill level 5 in Invocations
  4718 | D:7      | Got a fine leather armour
  4725 | D:7      | Reached skill level 6 in Invocations
  4736 | D:7      | Identified the +4 leather armour "Deicaaj" {rElec MR++ Dex+6} (You found it on level 7 of the Dungeon)
  4866 | D:7      | Reached skill level 7 in Invocations
  5204 | D:8      | Reached skill level 8 in Invocations
  5277 | D:8      | Noticed a hippogriff
  5281 | D:8      | Killed a hippogriff
  5281 | D:8      | Reached **** piety under Cheibriados
  5281 | D:8      | Reached XP level 10. HP: 61/61 MP: 16/16
  5343 | D:8      | Noticed a two-headed ogre
  5343 | D:8      | Reached skill level 9 in Invocations
  5349 | D:8      | Killed a two-headed ogre
  5349 | D:8      | Reached skill level 10 in Invocations
  5714 | D:8      | Reached skill level 11 in Invocations
  5717 | D:8      | Reached skill level 2 in Stealth
  5722 | D:8      | Reached skill level 7 in Fighting
  5727 | D:8      | Reached skill level 1 in Armour
  6267 | D:9      | Reached skill level 9 in Crossbows
  6290 | D:9      | Reached skill level 8 in Dodging
  6290 | D:9      | Reached skill level 3 in Stealth
  6305 | D:9      | Reached XP level 11. HP: 27/67 MP: 16/19
  6307 | D:9      | HP: 12/67 [porcupine (13)]
  6307 | D:9      | HP: 4/67 [yak (8)]
  6324 | D:9      | Reached skill level 4 in Stealth
  6520 | D:8      | Reached skill level 2 in Armour
  6702 | D:9      | Reached skill level 1 in Short Blades
  6709 | D:9      | Reached skill level 2 in Short Blades
  6709 | D:9      | Reached skill level 5 in Stealth
  6788 | D:9      | Reached skill level 3 in Short Blades
  6855 | D:9      | Reached skill level 4 in Short Blades
  6855 | D:9      | Reached skill level 6 in Stealth
  6972 | D:9      | Noticed a two-headed ogre
  7046 | D:9      | Reached ***** piety under Cheibriados
  7046 | D:9      | Reached skill level 5 in Short Blades
  7046 | D:9      | Reached skill level 7 in Stealth
  7058 | D:9      | Found a glowing silver altar of Zin.
  7058 | D:9      | Noticed a two-headed ogre
  7063 | D:9      | Killed a two-headed ogre
  7134 | D:9      | Reached skill level 6 in Short Blades
  7141 | D:9      | Reached skill level 8 in Stealth
  7232 | D:9      | Killed a two-headed ogre
  7300 | D:9      | Reached skill level 7 in Short Blades
  7375 | D:10     | Entered Level 10 of the Dungeon
  7512 | D:10     | Found Nimocwa's Book Shop.
  7598 | D:10     | Found Juypuc's Gadget Emporium.
  7619 | D:10     | Found Eripum's Book Shop.
  7675 | D:10     | Noticed Harold
  7684 | D:10     | Killed Harold
  7684 | D:10     | Reached skill level 8 in Fighting
  7684 | D:10     | Reached skill level 9 in Dodging
  7807 | D:10     | Found a staircase to the Lair.
  7812 | D:10     | Reached XP level 12. HP: 56/75 MP: 20/20
  8078 | D:11     | Noticed a centaur warrior
  8087 | D:11     | Killed a centaur warrior
  8087 | D:11     | Reached skill level 1 in Evocations
  8092 | D:11     | Reached skill level 2 in Evocations
  8161 | D:11     | Noticed Urug
  8162 | D:11     | Noticed a two-headed ogre
  8172 | D:11     | Killed a two-headed ogre
  8172 | D:11     | Reached skill level 9 in Fighting
  8172 | D:11     | Reached skill level 3 in Evocations
  8172 | D:11     | Reached skill level 10 in Crossbows
  8173 | D:11     | Killed Urug
  8175 | D:11     | Reached skill level 10 in Dodging
  8414 | D:11     | Reached skill level 4 in Evocations
  8463 | D:11     | Found a staircase to the Orcish Mines.
  8692 | Lair:1   | Entered Level 1 of the Lair of Beasts
  9490 | Lair:2   | Reached skill level 5 in Evocations
  9720 | Lair:2   | Reached XP level 13. HP: 74/82 MP: 21/21
 10100 | Lair:2   | Reached skill level 10 in Fighting
 10139 | Lair:2   | Noticed an eight-headed hydra
 10147 | Lair:2   | Killed an eight-headed hydra
 10147 | Lair:2   | Reached skill level 8 in Short Blades
 10147 | Lair:2   | Reached skill level 11 in Crossbows
 10673 | Lair:3   | Reached skill level 6 in Evocations
 10858 | Lair:3   | Found a staircase to the Snake Pit.
 10870 | Lair:3   | Reached skill level 11 in Dodging
 11134 | Lair:4   | Found a staircase to the Swamp.
 11402 | Lair:4   | Reached skill level 9 in Short Blades
 11408 | Lair:4   | Reached skill level 7 in Evocations
 11442 | Lair:4   | Found a radiant altar of Vehumet.
 11537 | Lair:4   | Noticed Rupert
 11541 | Lair:4   | Killed Rupert
 12308 | Lair:5   | Found a staircase to the Slime Pits.
 12383 | Lair:5   | Reached skill level 11 in Fighting
 12383 | Lair:5   | Reached skill level 12 in Crossbows
 12448 | Lair:5   | Reached XP level 14. HP: 90/90 MP: 22/22
 12520 | Lair:5   | Reached skill level 8 in Evocations
 12603 | Lair:5   | Reached skill level 12 in Dodging
 12952 | Lair:6   | Entered Level 6 of the Lair of Beasts
 12964 | Lair:6   | Reached skill level 10 in Short Blades
 13246 | Lair:6   | Reached skill level 9 in Evocations
 13566 | Lair:6   | Identified the Catalogue of Sinister Rites and Ignition
 13646 | Lair:6   | Reached skill level 13 in Crossbows
 13742 | Lair:6   | Reached skill level 12 in Fighting
 13756 | Lair:6   | Reached skill level 13 in Dodging
 14380 | Lair:6   | Reached skill level 10 in Evocations
 14938 | D:12     | Reached XP level 15. HP: 96/96 MP: 23/23
 15571 | D:10     | Bought a book of Debilitation for 600 gold pieces
 15575 | D:10     | Learned a level 3 spell: Portal Projectile
 15579 | D:10     | Learned a level 3 spell: Inner Flame
 15581 | D:10     | Learned a level 1 spell: Apportation
 15666 | D:13     | Reached skill level 1 in Hexes
 15743 | D:13     | Reached skill level 1 in Translocations
 15776 | D:13     | Reached skill level 1 in Fire Magic
 15780 | D:13     | Learned a level 2 spell: Blink
 16053 | D:13     | Reached skill level 2 in Hexes
 16106 | D:13     | Reached skill level 2 in Translocations
 16106 | D:13     | Reached skill level 2 in Fire Magic
 16209 | D:13     | Reached skill level 3 in Hexes
 16212 | D:13     | Reached skill level 3 in Translocations
 16212 | D:13     | Reached skill level 3 in Fire Magic
 16377 | D:13     | Found a gate to the Vaults.
 16924 | D:14     | Reached skill level 4 in Hexes
 16958 | D:14     | Reached skill level 4 in Fire Magic
 16976 | D:14     | Reached skill level 4 in Translocations
 17054 | D:14     | Found Nyskum's General Store.
 17056 | D:14     | Found Ifut Tosk's Magic Scroll Shop.
 17090 | D:14     | Bought 17 bolts for 51 gold pieces
 17090 | D:14     | Bought a potion of mutation for 120 gold pieces
 17090 | D:14     | Bought a scroll of teleportation for 45 gold pieces
 17166 | D:14     | Noticed Agnes
 17176 | D:14     | Killed Agnes
 17393 | D:14     | Found Tisho's General Store.
 17396 | D:14     | Found Imenk's Antique Armour Shoppe.
 17411 | D:14     | Bought a runed scarf for 224 gold pieces
 17699 | D:14     | Found a glowing golden altar of the Shining One.
 17775 | D:14     | Found a portal to a secret trove of treasure.
 18079 | D:15     | Entered Level 15 of the Dungeon
 18082 | D:15     | Noticed Kirke
 18094 | D:15     | Killed Kirke
 18182 | D:15     | Reached skill level 14 in Crossbows
 18248 | D:15     | Reached skill level 14 in Dodging
 18362 | D:15     | Identified the +6 morningstar "Uqoam" {crush, +Fly rC+ MP+9 Str-5} (You found it on level 15 of the Dungeon)
 18442 | D:15     | Reached skill level 13 in Fighting
 18456 | D:15     | Reached XP level 16. HP: 104/104 MP: 24/24
 18805 | D:15     | Lost mutation: You occasionally shout uncontrollably at your foes. [potion of mutation]
 18805 | D:15     | Lost mutation: Your muscles are strong. (Str +2) [potion of mutation]
 18805 | D:15     | Gained mutation: Armour fits poorly on your strangely shaped body. [potion of mutation]
 18805 | D:15     | Gained mutation: You have a somewhat thin skeletal structure. (Dex +2, Stealth) [potion of mutation]
 18810 | D:15     | Got an ancient ring mail
 18821 | D:15     | Identified the +8 ring mail "Dilyudic" {MR+ rCorr Slay+2} (You found it on level 15 of the Dungeon)
 19027 | D:15     | Found a staircase to the Depths.
 19069 | D:15     | Found a deep blue altar of Sif Muna.
 19683 | Swamp:1  | Entered Level 1 of the Swamp
 19838 | Swamp:1  | Noticed a thorn hunter
 19843 | Swamp:1  | Killed a thorn hunter
 19843 | Swamp:1  | Reached ****** piety under Cheibriados
 20688 | Swamp:1  | Learned a level 4 spell: Passage of Golubria
 21113 | Swamp:2  | Reached skill level 15 in Crossbows
 21156 | Swamp:2  | Noticed a thorn hunter
 21181 | Swamp:2  | Killed a thorn hunter
 21181 | Swamp:2  | Reached skill level 15 in Dodging
 21240 | Swamp:2  | Reached skill level 14 in Fighting
 21254 | Swamp:2  | Lost mutation: You have a somewhat thin skeletal structure. (Dex +2, Stealth) [potion of mutation]
 21254 | Swamp:2  | Lost mutation: Armour fits poorly on your strangely shaped body. [potion of mutation]
 21254 | Swamp:2  | Gained mutation: Your spells are a little easier to cast, but a little less powerful. [potion of mutation]
 21254 | Swamp:2  | Gained mutation: You are resistant to electric shocks. (rElec) [potion of mutation]
 21254 | Swamp:2  | Gained mutation: Armour fits poorly on your strangely shaped body. [potion of mutation]
 21254 | Swamp:2  | Gained mutation: You evolve. [potion of mutation]
 21367 | Swamp:2  | Noticed Roxanne
 21374 | Swamp:2  | HP: 19/106 [Roxanne/bolt of magma (15)]
 21383 | Swamp:2  | Killed Roxanne
 21505 | Swamp:2  | Identified Roxanne's Collected Works on the Rocks (You took it off Roxanne on level 2 of the Swamp)
 21742 | Swamp:2  | Gained mutation: You possess an exceptional clarity of mind. [evolution]
 22062 | Swamp:2  | Reached skill level 9 in Stealth
 22108 | Swamp:2  | Noticed a tentacled monstrosity
 22135 | Swamp:2  | Killed a tentacled monstrosity
 22464 | Swamp:3  | Reached XP level 17. HP: 91/111 MP: 20/25
 22469 | Swamp:3  | Reached skill level 10 in Stealth
 22469 | Swamp:3  | Reached skill level 5 in Translocations
 22920 | Swamp:3  | Reached skill level 11 in Stealth
 23392 | Swamp:4  | Entered Level 4 of the Swamp
 23629 | Swamp:4  | Noticed a thorn hunter
 23638 | Swamp:4  | Killed a thorn hunter
 23641 | Swamp:4  | Reached skill level 16 in Dodging
 23850 | Swamp:4  | Noticed a thorn hunter
 23856 | Swamp:4  | Killed a thorn hunter
 23856 | Swamp:4  | Reached skill level 15 in Fighting
 24089 | Swamp:4  | Got a decaying rune of Zot
 24308 | Snake:1  | Entered Level 1 of the Snake Pit
 24646 | Snake:1  | Reached skill level 11 in Evocations
 25178 | Snake:2  | Found a hide-covered altar of Uskayaw.
 25231 | Snake:2  | Reached XP level 18. HP: 99/119 MP: 26/26
 25317 | Snake:2  | Reached skill level 16 in Crossbows
 25576 | Snake:2  | HP: 26/119 [nagaraja/whip of venom (14)]
 25581 | Snake:2  | HP: 23/119 [poisoned by a nagaraja (poison arrow)]
 25586 | Snake:2  | HP: 22/119 [poisoned by a nagaraja (poison arrow)]
 25591 | Snake:2  | HP: 20/119 [poisoned by a nagaraja (poison arrow)]
 25597 | Snake:2  | HP: 20/119 [poisoned by a nagaraja (poison arrow)]
 25603 | Snake:2  | HP: 21/119 [poisoned by a nagaraja (poison arrow)]
 25608 | Snake:2  | HP: 23/119 [poisoned by a nagaraja (poison arrow)]
 25614 | Snake:2  | HP: 25/119 [poisoned by a nagaraja (poison arrow)]
 25623 | Snake:2  | HP: 29/119 [poisoned by a nagaraja (poison arrow)]
 25769 | Snake:2  | Lost mutation: Your spells are a little easier to cast, but a little less powerful. [evolution]
 25939 | Snake:2  | Reached skill level 12 in Evocations
 26197 | D:10     | Bought a lamp of fire for 520 gold pieces
 26904 | Snake:3  | Reached skill level 13 in Evocations
 27170 | Snake:4  | Entered Level 4 of the Snake Pit
 27304 | Snake:4  | Reached skill level 17 in Crossbows
 27612 | Snake:4  | Identified a +2 pair of boots of running (You found it on level 4 of the Snake Pit)
 27812 | Snake:4  | HP: 24/119 [naga warrior/scimitar (17)]
 27813 | Snake:4  | HP: 8/119 [naga warrior/scimitar (17)]
 27814 | Snake:4  | HP: 3/119 [naga warrior/scimitar (3)]
 28263 | Snake:4  | Reached XP level 19. HP: 122/124 MP: 29/29
 28307 | Snake:4  | Reached skill level 12 in Stealth
 28397 | Snake:4  | HP: 28/124 [naga sharpshooter/arrow (14)]
 28732 | Snake:4  | Reached skill level 18 in Crossbows
 28774 | Snake:4  | Gained mutation: You passively map a small area around you. [evolution]
 29185 | Snake:4  | Got a serpentine rune of Zot
 29443 | Snake:4  | Reached skill level 17 in Dodging
 29923 | Vaults:1 | Entered Level 1 of the Vaults
 29957 | Vaults:1 | Found Desianat's Distillery.
 30076 | Vaults:1 | Reached skill level 16 in Fighting
 30455 | Vaults:1 | Found the +6 arbalest "Damnation" {damnation}
 30596 | Vaults:1 | Reached skill level 18 in Dodging
 30602 | Vaults:1 | Reached XP level 20. HP: 132/132 MP: 30/30
 30614 | Vaults:1 | HP: 29/132 [something (20)]
 30616 | Vaults:1 | HP: 6/132 [something (23)]
 31006 | Vaults:1 | Reached skill level 17 in Fighting
 31316 | Vaults:1 | Reached skill level 14 in Evocations
 31513 | Vaults:1 | Gained mutation: Your system is resistant to poisons. (rPois) [evolution]
 32200 | Vaults:2 | Reached skill level 19 in Dodging
 32417 | Vaults:2 | Reached skill level 3 in Armour
 32709 | Vaults:2 | Reached XP level 21. HP: 140/140 MP: 31/31
 32779 | Vaults:2 | Reached skill level 4 in Armour
 32788 | Vaults:2 | Reached skill level 18 in Fighting
 33030 | Vaults:2 | Found Haneskon's Assorted Antiques.
 33689 | Vaults:3 | Found a staircase to the Crypt.
 33689 | Vaults:3 | Found an ancient bone altar of Kikubaaqudgha.
 33690 | Vaults:3 | Found a basalt altar of Yredelemnul.
 33829 | Vaults:3 | Reached skill level 5 in Armour
 34715 | Vaults:4 | Gained mutation: You expend magic power (3 MP) to strengthen your wands. [evolution]
 34715 | Vaults:4 | Lost mutation: You evolve. [end of evolution]
 34904 | Vaults:4 | Reached skill level 6 in Armour
 34904 | Vaults:4 | Reached skill level 20 in Dodging
 35851 | Vaults:4 | Learned a level 1 spell: Summon Butterflies
 35971 | Vaults:5 | Entered Level 5 of the Vaults
 35975 | Vaults:5 | Reached XP level 22. HP: 148/148 MP: 16/32
 35975 | Vaults:5 | Reached skill level 19 in Fighting
 35975 | Vaults:5 | Reached skill level 7 in Armour
 36374 | Vaults:5 | Reached skill level 8 in Armour
 36456 | Vaults:5 | Noticed a golden dragon
 36622 | Vaults:5 | Reached skill level 21 in Dodging
 36881 | Vaults:5 | Killed a golden dragon
 36886 | Vaults:5 | Identified the +6 plate armour of the Cooper {rC+ rCorr MP+9} (You took it off a vault warden on level 5 of the Vaults)
 36994 | Vaults:5 | Reached skill level 20 in Fighting
 37111 | Vaults:5 | Noticed Saint Roka
 37120 | Vaults:5 | Killed Saint Roka
 37120 | Vaults:5 | Reached XP level 23. HP: 116/156 MP: 33/33
 37233 | Vaults:5 | Got a thick robe
 37270 | Vaults:5 | Noticed a golden dragon
 37280 | Vaults:5 | Killed a golden dragon
 37329 | Vaults:5 | Reached skill level 22 in Dodging
 37400 | Vaults:5 | HP: 35/158 [tengu reaver/battleaxe of chopping (18)]
 37459 | Vaults:4 | Identified the +1 robe of Gehenna {Regen+ Int-3 Dex+5} (You took it off an orc on level 5 of the Vaults)
 37636 | Vaults:4 | Upgraded the game from 0.22-a0-367-gb72a975 to 0.22-a0-368-g870eee8
 37682 | Vaults:5 | HP: 32/159 [deep elf sorcerer/damnation (38)]
 38012 | Vaults:5 | Got a translucent scale mail
 38088 | Vaults:5 | Got an ancient copper amulet
 38180 | Vaults:5 | Identified the +2 scale mail of Heewkueras {MR+ Regen+} (You took it off an orc on level 5 of the Vaults)
 38195 | Vaults:5 | Identified the amulet of Otomiad {Harm *Drain Str+7 Stlth-} (You took it off a yaktaur on level 5 of the Vaults)
 38381 | Vaults:5 | Found Raesemn's Magic Scroll Shop.
 38398 | Vaults:5 | Reached skill level 21 in Fighting
 38568 | Vaults:5 | Got a silver rune of Zot
 38778 | Vaults:5 | Got a faintly glowing arbalest
 38779 | Vaults:5 | Identified the +1 arbalest of Humusm {penet, rElec rF+ rC+ SInv} (You took it off a vault warden on level 5 of the Vaults)
 39123 | Depths:1 | Entered Level 1 of the Depths
 39224 | Depths:1 | Found an iron altar of Okawaru.
 39353 | Depths:1 | Found a gateway to a ziggurat.
 39543 | Depths:1 | Found a gateway to Hell.
 39560 | Depths:1 | Noticed Mara
 39564 | Depths:1 | Killed Mara
 39702 | Depths:1 | Reached skill level 23 in Dodging
 39703 | Depths:1 | Reached XP level 24. HP: 143/166 MP: 27/33
 39719 | Depths:1 | HP: 40/168 [soul eater/drain life (6)]
 39737 | Depths:1 | HP: 27/168 [stone giant skeleton (21)]
 39748 | Depths:1 | HP: 36/168 [centaur warrior/arrow (2)]
 39879 | Depths:1 | Identified the Handbook of the Yeti
 40439 | Depths:2 | Reached skill level 22 in Fighting
 40786 | Depths:2 | Got a bloodstained robe
 41166 | Depths:2 | Found a one-way gate leading to the halls of Pandemonium.
 41203 | Depths:2 | Reached skill level 24 in Dodging
 41301 | Depths:2 | Noticed a caustic shrike
 41308 | Depths:2 | HP: 39/169 [caustic shrike (22)]
 41311 | Depths:2 | HP: 17/169 [acid (11)]
 41312 | Depths:2 | Killed a caustic shrike
 41936 | Hell     | Entered the Vestibule of Hell
 41936 | Hell     | Noticed Geryon
 41952 | Hell     | Killed Geryon
 41952 | Hell     | Reached skill level 9 in Armour
 41952 | Hell     | Reached XP level 25. HP: 88/175 MP: 7/33
 42245 | D:14     | You paid a toll of the horn of Geryon to enter a treasure trove
 42246 | Trove    | Entered a treasure trove
 42259 | Trove    | Identified Sif Muna's Grimoire of Beguiling
 43139 | Depths:3 | Reached skill level 12 in Invocations
 43303 | Depths:3 | Found the +0 mask of the Dragon {MR+ Slay+3 SInv}
 43485 | Depths:3 | Noticed a caustic shrike
 43486 | Depths:3 | a caustic shrike changed into a shadow dragon
 43508 | Depths:3 | Noticed a caustic shrike
 43508 | Depths:3 | a golden dragon changed into a caustic shrike
 43515 | Depths:3 | a caustic shrike changed into a golden dragon
 43541 | Depths:3 | Reached skill level 13 in Invocations
 44163 | Depths:3 | Identified the Disquisition on Enchantment and Summoning
 44206 | Depths:3 | Got a pair of pitted boots
 44279 | Depths:3 | Identified the cursed +0 pair of boots "Nuer" {+Fly SInv} (You found it on level 3 of the Depths)
 45216 | Depths:4 | Reached skill level 23 in Fighting
 45274 | Depths:4 | Found Lolyss's Gadget Emporium.
 45275 | Depths:4 | Found Oweholoj's Jewellery Boutique.
 45276 | Depths:4 | Found Paron's Gadget Emporium.
 45369 | Depths:4 | Reached skill level 10 in Armour
 45393 | Depths:4 | Reached skill level 14 in Invocations
 45739 | Depths:4 | Found Juusiff's Blood Bar.
 45976 | Depths:4 | Found a one-way gate to the infinite horrors of the Abyss.
 46396 | Depths:4 | Reached XP level 26. HP: 167/183 MP: 33/33
 46435 | Depths:4 | Reached skill level 25 in Dodging
 46528 | Depths:4 | Found the +4 Vampire's Tooth {vamp}
 46740 | Depths:5 | Entered Level 5 of the Depths
 46963 | Depths:5 | Reached skill level 11 in Armour
 47078 | Depths:5 | Learned a level 5 spell: Silence
 47585 | Depths:5 | HP: 45/184 [fire dragon (7)]
 47587 | Depths:5 | HP: 14/184 [shot self (32)]
 47750 | Depths:5 | Reached skill level 24 in Fighting
 47822 | Depths:5 | Found a gate to the Realm of Zot.
 47859 | Depths:5 | Reached skill level 12 in Armour
 48533 | Zot:1    | Entered Level 1 of the Realm of Zot
 48566 | Zot:1    | Reached XP level 27. HP: 190/190 MP: 33/33
 48736 | Zot:1    | Reached skill level 26 in Dodging
 49304 | Zot:1    | Got a dazzling triple crossbow
 49313 | Zot:1    | Identified the +0 triple crossbow "Worm's Wrath" {elec, Str+5} (You acquired it on level 1 of the Realm of Zot)
 49928 | Zot:2    | HP: 39/192 [death cob (17)]
 49929 | Zot:2    | HP: 16/192 [death cob (26)]
 50186 | Zot:2    | Reached skill level 19 in Crossbows
 50238 | Zot:2    | Noticed an orb of fire
 50243 | Zot:2    | Gained mutation: You have a pair of small horns on your head. [an orb of fire]
 50245 | Zot:2    | Gained mutation: Scrolls take you a little longer to read. [an orb of fire]
 50251 | Zot:2    | Gained mutation: You do not regenerate when monsters are visible. [an orb of fire]
 50259 | Zot:2    | HP: 44/192 [tentacled monstrosity (12)]
 50259 | Zot:2    | Gained mutation: You are weak. (Str -2) [an orb of fire]
 50260 | Zot:2    | Lost mutation: Scrolls take you a little longer to read. [potion of mutation]
 50260 | Zot:2    | Lost mutation: Your system is resistant to poisons. (rPois) [potion of mutation]
 50260 | Zot:2    | Lost mutation: You possess an exceptional clarity of mind. [potion of mutation]
 50260 | Zot:2    | Lost mutation: You have a pair of small horns on your head. [potion of mutation]
 50260 | Zot:2    | Gained mutation: Scrolls take you a little longer to read. [potion of mutation]
 50260 | Zot:2    | Lost mutation: You are weak. (Str -2) [potion of mutation]
 50260 | Zot:2    | Lost mutation: You are resistant to electric shocks. (rElec) [an orb of fire]
 50261 | Zot:2    | Gained mutation: You are dopey. (Int -2) [an orb of fire]
 50261 | Zot:2    | HP: 18/192 [tentacled monstrosity (7)]
 50264 | Zot:2    | HP: 6/192 [orb of fire/bolt of fire (22)]
 50269 | Zot:2    | Lost mutation: Armour fits poorly on your strangely shaped body. [potion of mutation]
 50269 | Zot:2    | Lost mutation: You are dopey. (Int -2) [potion of mutation]
 50269 | Zot:2    | Lost mutation: Scrolls take you a little longer to read. [potion of mutation]
 50269 | Zot:2    | Lost mutation: You expend magic power (3 MP) to strengthen your wands. [potion of mutation]
 50269 | Zot:2    | Gained mutation: You have a pair of small horns on your head. [potion of mutation]
 50269 | Zot:2    | Gained mutation: Your spells are a little harder to cast, but a little more powerful. [potion of mutation]
 50270 | Zot:2    | Lost mutation: You have a pair of small horns on your head. [potion of mutation]
 50270 | Zot:2    | Lost mutation: You do not regenerate when monsters are visible. [potion of mutation]
 50270 | Zot:2    | Lost mutation: Your spells are a little harder to cast, but a little more powerful. [potion of mutation]
 50270 | Zot:2    | Lost mutation: You passively map a small area around you. [potion of mutation]
 50270 | Zot:2    | Gained mutation: Your system is resistant to poisons. (rPois) [potion of mutation]
 50270 | Zot:2    | Gained mutation: You have large cloven feet. [potion of mutation]
 50270 | Zot:2    | Gained mutation: Armour fits poorly on your strangely shaped body. [potion of mutation]
 50270 | Zot:2    | Gained mutation: You are robust. (+10% HP) [potion of mutation]
 50488 | Zot:2    | Gained mutation: You expend magic power (3 MP) to strengthen your wands. [an orb of fire]
 50496 | Zot:2    | Killed an orb of fire
 50835 | Zot:3    | Reached skill level 20 in Crossbows
 51520 | Zot:3    | Reached skill level 21 in Crossbows
 51995 | Zot:4    | Reached skill level 22 in Crossbows
 52644 | Zot:4    | Reached skill level 23 in Crossbows
 53029 | Zot:5    | Entered Level 5 of the Realm of Zot
 53063 | Zot:5    | Noticed p0werm0de's ghost (adept DDFi)
 53078 | Zot:5    | Killed p0werm0de's ghost
 53192 | Zot:5    | Noticed an ancient lich
 53198 | Zot:5    | Killed an ancient lich
 53198 | Zot:5    | Reached skill level 24 in Crossbows
 53238 | Zot:5    | Noticed an ancient lich
 53245 | Zot:5    | Killed an ancient lich
 53460 | Zot:5    | Noticed an ancient lich
 53462 | Zot:5    | Killed an ancient lich
 53464 | Zot:5    | Noticed p0werm0de's ghost (adept DDFi)
 53471 | Zot:5    | Killed p0werm0de's ghost
 53471 | Zot:5    | Reached skill level 25 in Crossbows
 53530 | Zot:5    | HP: 48/211 [tentacled monstrosity (5)]
 53540 | Zot:5    | Killed from afar by a storm dragon

Vault maps used:
D:1:      dpeg_arrival_simpleton_c, st_stairs_13, serial_bayou_pond_b
D:2:      kennysheep_slug_shrine, minmay_pentomino_z4
D:4:      grunt_temple_overflow_magic_moments, grunt_temple_overflow_cloverleaf,
          first_ration, uniq_natasha
D:5:      uniq_prince_ribbit1
D:6:      grunt_temple_overflow_opulence, gammafunk_temple_overflow_statue,
          minmay_temple_entry_enclosed_plants, serial_curves, eino_curves_04,
          eino_curves_01
D:8:      grunt_livestock
D:9:      wad_woods_tower, kennysheep_mini
D:10:     minmay_lair_entry_lava, serial_shops, shop, shop,
          kennysheep_little_box, uniq_harold
D:11:     orc_david_3, minmay_misc_feat_roman, minmay_misc_feat_hallway,
          uniq_urug
D:13:     grunt_vaults_entry_fortified
D:14:     nicolae_trove_entry_crystal, serial_shops, shop,
          nicolae_shop_window_shopping, nicolae_shop_trees,
          nicolae_shop_overgrown_old_shop, nicolae_tso_swordbearing_angel,
          skrybe_limestone_x, uniq_agnes
D:15:     grunt_enter_depths_hoard, grunt_decor_clamped, lemuel_blue_sif_altar,
          uniq_kirke
Lair:1:   lab_entry_generic, eino_small_chamber_without_monster,
          grunt_megastairs_4
Lair:3:   guppyfry_snake_entry_island, hangedman_lair_unloving_vines
Lair:4:   swamp_mist_pool, basic_altar, lemuel_old_faithful, uniq_rupert
Lair:5:   slime_dummy, serial_bayou_shore_b
Lair:6:   minmay_lair_end_frog_pond
Swamp:1:  evilmike_swamp_ruin_house_6, swamp_pool5, roderic_carrion_pond
Swamp:2:  cheibrodos_swamp_monstrosity, evilmike_swamp_ruin_house_2,
          nicolae_swamp_alligator_family, uniq_roxanne
Swamp:3:  evilmike_swamp_ruin_house_4
Swamp:4:  swamp_basic_johnstein
Snake:2:  basic_altar, serial_bayou_pond_e
Snake:3:  portal_ice_cave_entry_pillars_2
Snake:4:  johnstein_snake_rune_scales, st_stairs_5, spider_trap,
          grunt_ministairs_15, hangedman_venom_bottle
Vaults:1: nicolae_vaults_three_branches, vaults_dpeg_cross,
          hangedman_vaults_unwind, nicolae_vaults_hallways_thing,
          vaults_standard_mumra_enter_the_diamond, v_misc_13, v_misc_28,
          nicolae_vaults_network_s, nicolae_vaults_ring_of_whatevers,
          nicolae_vaults_yaktaur_gun_rack, v_misc_19, ontoclasm_vaults_idyll,
          vaults_mumra_lcd, serial_shops, shop
Vaults:2: v_misc_29, nicolae_vaults_bisected_slash, v_misc_3,
          vaults_room_grunt_arrival_checkpoint, vaults_room_large_hall,
          nicolae_vaults_network_quinsquares, vaults_mumra_bighexcomb,
          nicolae_vaults_little_squares_3, v_rooms_3,
          vaults_room_mumra_shop_pool, dpeg_vaults_monster_box, serial_glass
Vaults:3: minmay_crypt_entry_necro_gods, grunt_vaults_hallway_long, v_misc_9,
          nicolae_vaults_ring_of_whatevers, v_pattern_2,
          vaults_room_stairs_pillars, nicolae_vaults_network_barrier,
          vaults_dpeg_diagonal, grunt_vaults_focal,
          nicolae_vaults_circle_grid_b, hangedman_vaults_slice, v_alt_pattern_4,
          nicolae_vaults_diagonal_hallway_7
Vaults:4: v_misc_33, vaults_dpeg_encased_lava, v_misc_19,
          nicolae_vaults_twisting_passages, ontoclasm_vaults_chip,
          nicolae_vaults_little_squares_1
Vaults:5: uniq_saint_roka
Depths:1: enter_ziggurat_d, hell_entry, hangedman_decor_growths,
          okawaru_ov_weapons_minmay, grunt_megastairs_3,
          infiniplex_staircase_pool_lava, firewood_loft, serial_bayou_shore_a,
          uniq_mara
Depths:2: minmay_nested_s, minmay_misc_feat_nine_boxes, serial_glass,
          glass_columns_c, glass_columns_a, item_on_display_a, feat_on_display,
          item_on_display_a, pan_entry, hangedman_coc_ice_floe,
          minmay_staircase_bubble
Depths:3: radiant_caverns_b_rkd, pan_entry, serial_shops, hell_entry
Depths:4: kennysheep_large_spiral, abyss_entry_glasseish,
          minmay_misc_feat_diagonals, hellmouth_3, minmay_misc_feat_pillars,
          guppyfry_shop_blood, infiniplex_staircase_zigzag_5, minmay_shop_grove
Depths:5: grunt_zot_entry_bicorn, abyss_entry, special_room, hell_entry,
          roderic_three_in_a_row, serial_bayou_shore_b, serial_bayou_shore_b
Zot:2:    basic_stair_grate_trap
Zot:4:    grunt_megastairs_1
Trove:    trove_books_scrolls

Skill      XL: |  1  2  3  4  5  6  7  8  9 10 11 12 13 14 15 16 17 18 19 20 21 22 23 24 25 26 27 |
---------------+----------------------------------------------------------------------------------+-----
Crossbows      | 5 6 7 8 9 10 12 13 14 15 17 18 25 | 25.2
Dodging        | 3 4 5 6 7 8 9 10 11 13 14 15 16 18 19 20 21 23 24 25 26 | 26.3
Fighting       | 3 4 5 6 7 8 9 11 12 13 14 15 16 17 18 20 21 22 23 24 | 24.5
Invocations    | 8 11 14 | 14.3
Stealth        | 3 8 9 11 12 | 12.4
Armour         | 1 2 3 6 8 9 10 12 | 12.0
Short Blades   | 7 9 10 | 10.0
Evocations     | 5 7 10 11 13 14 | 14.5
Hexes          | 4 |  4.0
Translocations | 4 5 |  5.7
Fire Magic     | 4 |  4.0

Action                   |  1- 3 |  4- 6 |  7- 9 | 10-12 | 13-15 | 16-18 | 19-21 | 22-24 | 25-27 || total
-------------------------+-------+-------+-------+-------+-------+-------+-------+-------+-------++-------
Melee: Short sword       |    11 |       |       |       |       |       |       |       |       ||    11
       Dagger            |       |       |       |   141 |   246 |  1072 |   204 |       |       ||  1663
       Arbalest          |       |       |       |       |       |       |     1 |       |       ||     1
 Fire: Hand crossbow     |    69 |   128 |    64 |       |       |       |       |       |       ||   261
       Arbalest          |       |       |   131 |   275 |   635 |   601 |   884 |  1015 |  1132 ||  4673
       Triple crossbow   |       |       |       |       |       |       |       |       |   373 ||   373
 Cast: Inner Flame       |       |       |       |       |     4 |       |       |       |       ||     4
       Portal Projectile |       |       |       |       |     3 |     6 |    10 |    16 |    18 ||    53
       Blink             |       |       |       |       |     1 |       |       |       |       ||     1
       Passage of Golubr |       |       |       |       |       |     4 |       |       |       ||     4
       Apportation       |       |       |       |       |       |       |       |       |     1 ||     1
Invok: Bend Time         |       |       |       |     4 |     1 |     2 |       |       |       ||     7
       Slouch            |       |       |       |     4 |    15 |     7 |    12 |     6 |    15 ||    59
       Temporal Distorti |       |       |       |       |       |     1 |       |     1 |       ||     2
       Step From Time    |       |       |       |       |       |     1 |       |     2 |     3 ||     6
 Abil: Cancel Portal Pro |       |       |       |       |     1 |       |       |       |       ||     1
Evoke: Wand              |       |       |     6 |     1 |     1 |     4 |     4 |     6 |     5 ||    27
       Sack of spiders   |       |       |       |       |       |     3 |       |       |       ||     3
       Lamp of fire      |       |       |       |       |       |     1 |       |     1 |       ||     2
       Box of beasts     |       |       |       |       |       |       |       |     1 |     2 ||     3
       Phial of floods   |       |       |       |       |       |       |       |       |     1 ||     1
  Use: Scroll            |     5 |     4 |    10 |     6 |    11 |     5 |     1 |    12 |     9 ||    63
       Potion            |     1 |       |       |     1 |       |     7 |     6 |     6 |     6 ||    27
 Stab: Sleeping          |       |       |       |     2 |     7 |    11 |       |       |       ||    20
       Invisible         |       |       |       |       |       |     1 |       |       |       ||     1
       Distracted        |       |       |       |       |       |     2 |       |       |       ||     2
  Eat: Chunk             |     1 |     8 |     4 |    12 |    17 |     9 |     5 |     8 |     9 ||    73
       Ration            |       |       |       |       |       |     6 |     3 |     6 |    10 ||    25
Armor: Leather armour    |    10 |     6 |    18 |    73 |    57 |     7 |       |       |       ||   171
       Ring mail         |       |       |       |       |       |   227 |    76 |    13 |       ||   316
       Plate armour      |       |       |       |       |       |       |       |    43 |       ||    43
       Scale mail        |       |       |       |       |       |       |       |    52 |    63 ||   115
Dodge: Dodged            |    51 |    31 |    93 |   431 |   656 |  1483 |   781 |   834 |   983 ||  5343
Block: Other             |       |       |       |       |    63 |       |       |       |       ||    63
       Reflection        |       |       |       |       |     2 |       |       |       |       ||     2

Table legend:
 A = Spawn XP
 B = Non-spawn XP
 C = Spawn XP percentage of total XP
 D = Spawn monster count
 E = Non-spawn monster count
 F = Spawn count percentage of total count
 G = Total turns spent on level
                    A         B        C        D         E        F      G
               +---------+---------+-------+---------+---------+-------+---------
         Total |       0 | 1372319 |   0.0 |       0 |    2022 |   0.0 | 53540
               +---------+---------+-------+---------+---------+-------+---------
           D:1 |       0 |      64 |   0.0 |       0 |      31 |   0.0 |   816
           D:2 |       0 |     124 |   0.0 |       0 |      34 |   0.0 |   773
           D:3 |       0 |     145 |   0.0 |       0 |      23 |   0.0 |   970
           D:4 |       0 |     344 |   0.0 |       0 |      15 |   0.0 |   637
           D:5 |       0 |     571 |   0.0 |       0 |      12 |   0.0 |   741
           D:6 |       0 |     735 |   0.0 |       0 |      32 |   0.0 |   653
           D:7 |       0 |    1454 |   0.0 |       0 |      14 |   0.0 |   544
           D:8 |       0 |    3315 |   0.0 |       0 |      37 |   0.0 |  1159
           D:9 |       0 |    6546 |   0.0 |       0 |      36 |   0.0 |  1082
          D:10 |       0 |    2412 |   0.0 |       0 |      14 |   0.0 |   978
          D:11 |       0 |    6732 |   0.0 |       0 |      51 |   0.0 |   744
          D:12 |       0 |    5622 |   0.0 |       0 |      24 |   0.0 |  1014
          D:13 |       0 |   13880 |   0.0 |       0 |      37 |   0.0 |  1550
          D:14 |       0 |    9421 |   0.0 |       0 |      31 |   0.0 |  1423
          D:15 |       0 |   14931 |   0.0 |       0 |      33 |   0.0 |  1497
        Lair:1 |       0 |    2256 |   0.0 |       0 |       9 |   0.0 |   712
        Lair:2 |       0 |    4893 |   0.0 |       0 |      19 |   0.0 |  1033
        Lair:3 |       0 |     929 |   0.0 |       0 |       7 |   0.0 |   753
        Lair:4 |       0 |   10150 |   0.0 |       0 |      23 |   0.0 |   885
        Lair:5 |       0 |    7239 |   0.0 |       0 |      29 |   0.0 |  1008
        Lair:6 |       0 |   22904 |   0.0 |       0 |      83 |   0.0 |  1581
       Swamp:1 |       0 |   13943 |   0.0 |       0 |      45 |   0.0 |  1276
       Swamp:2 |       0 |   21333 |   0.0 |       0 |      38 |   0.0 |  1468
       Swamp:3 |       0 |   12130 |   0.0 |       0 |      26 |   0.0 |  1035
       Swamp:4 |       0 |   25113 |   0.0 |       0 |      42 |   0.0 |   815
       Snake:1 |       0 |   15581 |   0.0 |       0 |      30 |   0.0 |   896
       Snake:2 |       0 |   24591 |   0.0 |       0 |      33 |   0.0 |  1123
       Snake:3 |       0 |    9615 |   0.0 |       0 |      26 |   0.0 |   771
       Snake:4 |       0 |   63252 |   0.0 |       0 |     118 |   0.0 |  2560
      Vaults:1 |       0 |   68934 |   0.0 |       0 |     111 |   0.0 |  1947
      Vaults:2 |       0 |   61347 |   0.0 |       0 |     106 |   0.0 |  2070
      Vaults:3 |       0 |   23952 |   0.0 |       0 |      31 |   0.0 |  1053
      Vaults:4 |       0 |   44597 |   0.0 |       0 |      66 |   0.0 |  2418
      Vaults:5 |       0 |  164462 |   0.0 |       0 |     147 |   0.0 |  2537
      Depths:1 |       0 |   69179 |   0.0 |       0 |      91 |   0.0 |  1384
      Depths:2 |       0 |   70472 |   0.0 |       0 |      81 |   0.0 |  1831
      Depths:3 |       0 |   70007 |   0.0 |       0 |     102 |   0.0 |  1355
      Depths:4 |       0 |   59719 |   0.0 |       0 |      70 |   0.0 |  1786
      Depths:5 |       0 |  113971 |   0.0 |       0 |      82 |   0.0 |  1535
          Hell |       0 |    8645 |   0.0 |       0 |       7 |   0.0 |    20
         Zot:1 |       0 |   49474 |   0.0 |       0 |      35 |   0.0 |  1093
         Zot:2 |       0 |   53282 |   0.0 |       0 |      27 |   0.0 |  1168
         Zot:3 |       0 |   56488 |   0.0 |       0 |      37 |   0.0 |  1072
         Zot:4 |       0 |   76862 |   0.0 |       0 |      47 |   0.0 |  1163
         Zot:5 |       0 |   80703 |   0.0 |       0 |      30 |   0.0 |   511
               +---------+---------+-------+---------+---------+-------+---------

Vault maps used:
D:1:      dpeg_arrival_simpleton_c, st_stairs_13, serial_bayou_pond_b
D:2:      kennysheep_slug_shrine, minmay_pentomino_z4
D:4:      grunt_temple_overflow_magic_moments, grunt_temple_overflow_cloverleaf,
          first_ration, uniq_natasha
D:5:      uniq_prince_ribbit1
D:6:      grunt_temple_overflow_opulence, gammafunk_temple_overflow_statue,
          minmay_temple_entry_enclosed_plants, serial_curves, eino_curves_04,
          eino_curves_01
D:8:      grunt_livestock
D:9:      wad_woods_tower, kennysheep_mini
D:10:     minmay_lair_entry_lava, serial_shops, shop, shop,
          kennysheep_little_box, uniq_harold
D:11:     orc_david_3, minmay_misc_feat_roman, minmay_misc_feat_hallway,
          uniq_urug
D:13:     grunt_vaults_entry_fortified
D:14:     nicolae_trove_entry_crystal, serial_shops, shop,
          nicolae_shop_window_shopping, nicolae_shop_trees,
          nicolae_shop_overgrown_old_shop, nicolae_tso_swordbearing_angel,
          skrybe_limestone_x, uniq_agnes
D:15:     grunt_enter_depths_hoard, grunt_decor_clamped, lemuel_blue_sif_altar,
          uniq_kirke
Lair:1:   lab_entry_generic, eino_small_chamber_without_monster,
          grunt_megastairs_4
Lair:3:   guppyfry_snake_entry_island, hangedman_lair_unloving_vines
Lair:4:   swamp_mist_pool, basic_altar, lemuel_old_faithful, uniq_rupert
Lair:5:   slime_dummy, serial_bayou_shore_b
Lair:6:   minmay_lair_end_frog_pond
Swamp:1:  evilmike_swamp_ruin_house_6, swamp_pool5, roderic_carrion_pond
Swamp:2:  cheibrodos_swamp_monstrosity, evilmike_swamp_ruin_house_2,
          nicolae_swamp_alligator_family, uniq_roxanne
Swamp:3:  evilmike_swamp_ruin_house_4
Swamp:4:  swamp_basic_johnstein
Snake:2:  basic_altar, serial_bayou_pond_e
Snake:3:  portal_ice_cave_entry_pillars_2
Snake:4:  johnstein_snake_rune_scales, st_stairs_5, spider_trap,
          grunt_ministairs_15, hangedman_venom_bottle
Vaults:1: nicolae_vaults_three_branches, vaults_dpeg_cross,
          hangedman_vaults_unwind, nicolae_vaults_hallways_thing,
          vaults_standard_mumra_enter_the_diamond, v_misc_13, v_misc_28,
          nicolae_vaults_network_s, nicolae_vaults_ring_of_whatevers,
          nicolae_vaults_yaktaur_gun_rack, v_misc_19, ontoclasm_vaults_idyll,
          vaults_mumra_lcd, serial_shops, shop
Vaults:2: v_misc_29, nicolae_vaults_bisected_slash, v_misc_3,
          vaults_room_grunt_arrival_checkpoint, vaults_room_large_hall,
          nicolae_vaults_network_quinsquares, vaults_mumra_bighexcomb,
          nicolae_vaults_little_squares_3, v_rooms_3,
          vaults_room_mumra_shop_pool, dpeg_vaults_monster_box, serial_glass
Vaults:3: minmay_crypt_entry_necro_gods, grunt_vaults_hallway_long, v_misc_9,
          nicolae_vaults_ring_of_whatevers, v_pattern_2,
          vaults_room_stairs_pillars, nicolae_vaults_network_barrier,
          vaults_dpeg_diagonal, grunt_vaults_focal,
          nicolae_vaults_circle_grid_b, hangedman_vaults_slice, v_alt_pattern_4,
          nicolae_vaults_diagonal_hallway_7
Vaults:4: v_misc_33, vaults_dpeg_encased_lava, v_misc_19,
          nicolae_vaults_twisting_passages, ontoclasm_vaults_chip,
          nicolae_vaults_little_squares_1
Vaults:5: uniq_saint_roka
Depths:1: enter_ziggurat_d, hell_entry, hangedman_decor_growths,
          okawaru_ov_weapons_minmay, grunt_megastairs_3,
          infiniplex_staircase_pool_lava, firewood_loft, serial_bayou_shore_a,
          uniq_mara
Depths:2: minmay_nested_s, minmay_misc_feat_nine_boxes, serial_glass,
          glass_columns_c, glass_columns_a, item_on_display_a, feat_on_display,
          item_on_display_a, pan_entry, hangedman_coc_ice_floe,
          minmay_staircase_bubble
Depths:3: radiant_caverns_b_rkd, pan_entry, serial_shops, hell_entry
Depths:4: kennysheep_large_spiral, abyss_entry_glasseish,
          minmay_misc_feat_diagonals, hellmouth_3, minmay_misc_feat_pillars,
          guppyfry_shop_blood, infiniplex_staircase_zigzag_5, minmay_shop_grove
Depths:5: grunt_zot_entry_bicorn, abyss_entry, special_room, hell_entry,
          roderic_three_in_a_row, serial_bayou_shore_b, serial_bayou_shore_b
Zot:2:    basic_stair_grate_trap
Zot:4:    grunt_megastairs_1
Trove:    trove_books_scrolls

Table legend:
 A = Turns spent in this place as a percentage of turns spent in the entire game.
 B = Non-inter-level travel turns spent in this place as a percentage of non-inter-level travel turns spent in the entire game.
 C = Inter-level travel turns spent in this place as a percentage of turns spent in this place.
 D = Turns resting spent in this place as a percentage of non-inter-level travel turns spent in this place.
 E = Turns spent auto-exploring this place as a percentage of non-inter-level travel turns spent in this place.
 F = Non-inter-level travel turns spent in this place divided by the number of levels of this place that you've seen.
                   A       B       C       D       E      F
               +-------+-------+-------+-------+-------+----------------------
         Total | 100.0 | 100.0 |   9.2 |  16.8 |  59.2 | 1056.3
       Dungeon |  27.2 |  26.4 |  12.0 |  10.4 |  72.0 | 855.3
          Lair |  11.2 |  11.4 |   7.1 |  10.7 |  70.9 | 924.8
         Swamp |   8.6 |   9.0 |   4.5 |  22.7 |  42.9 | 1097.2
     Snake Pit |  10.0 |  10.6 |   4.1 |  24.6 |  47.4 | 1282.0
        Vaults |  18.7 |  18.0 |  12.9 |  20.3 |  53.1 | 1745.6
        Depths |  14.7 |  14.2 |  12.3 |  17.2 |  54.5 | 1384.0
          Hell |   0.0 |   0.0 |   0.0 |   0.0 |   0.0 |  20.0
           Zot |   9.4 |  10.1 |   1.6 |  20.7 |  58.1 | 985.2
         Trove |   0.2 |   0.2 |   0.0 |   0.0 |   0.0 | 100.0
               +-------+-------+-------+-------+-------+----------------------

Table legend:
 A = Kills in this place as a percentage of kills in entire the game.
 B = Kills by you in this place as a percentage of kills by you in the entire game.
 C = Kills by friends in this place as a percentage of kills by friends in the entire game.
 D = Other kills in this place as a percentage of other kills in the entire game.
 E = Experience gained in this place as a percentage of experience gained in the entire game.
 F = Experience gained in this place divided by the number of levels of this place that you have seen.
                   A       B       C       D       E      F
               +-------+-------+-------+-------+-------+----------------------
         Total | 100.0 | 100.0 | 100.0 | 100.0 | 100.0 | 29833.0
       Dungeon |  21.0 |  21.0 |   0.0 |  11.1 |   4.8 | 4419.7
          Lair |   8.4 |   8.4 |  50.0 |  11.1 |   3.5 | 8061.8
         Swamp |   7.5 |   7.4 |   0.0 |  22.2 |   5.3 | 18129.8
     Snake Pit |  10.2 |  10.3 |   0.0 |   0.0 |   8.2 | 28259.8
        Vaults |  22.8 |  22.8 |   0.0 |  33.3 |  26.5 | 72658.4
        Depths |  21.1 |  21.2 |   0.0 |   0.0 |  27.9 | 76669.6
          Hell |   0.3 |   0.3 |   0.0 |   0.0 |   0.6 | 8645.0
           Zot |   8.7 |   8.6 |  50.0 |  22.2 |  23.1 | 63361.8
               +-------+-------+-------+-------+-------+----------------------
